 Dungeon Crawl Stone Soup version 0.31-a0-596-g831eee08f1 (webtiles) character file.

Game seed: 16384822783200286632

1686618 motkurizz the Acrobat (level 27, 235/235 HPs)
             Began as a Merfolk Shapeshifter on Aug 20, 2023.
             Was a Follower of Uskayaw.
             Escaped with the Orb
             ... and 3 runes!
             The game lasted 03:43:47 (67333 turns).

motkurizz the Acrobat (Merfolk Shapeshifter)       Turns: 67333, Time: 03:43:48

Health: 235/235    AC: 15    Str: 16    XL:     27
Magic:  36/36      EV: 54    Int: 10    God:    Uskayaw [*.....]
Gold:   3941       SH:  0    Dex: 23    Spells: 26/32 levels left

rFire   + + +        Z - melded +2 rapier (speed)
rCold   + . .        N - melded +5 kite shield {rC+}
rNeg    . . .        p - melded +0 swamp dragon scales
rPois   ∞            X - melded +2 helmet {SInv}
rElec   +            S - melded +1 cloak
rCorr   .            J - melded +2 pair of gloves {Dex+3}
SInv    .            x - melded +2 pair of boots {Fly}
Will    +++..        q - amulet "Numeysij" {Faith +Blink rF+++ Dex-2}
Stlth   ++           m - ring of the Traitor {rPois Will+}
HPRegen 0.59/turn    L - ring of protection from cold
MPRegen 0.25/turn

%: faith
@: storm-form, flying, studying 4 skills
A: cleaving, insubstantial, flying, (nimble swimmer 2), (mertail), (iridescent
scales 1), wild magic 1, no potion heal 1, devolution 1
0: Orb of Zot
}: 3/15 runes: barnacled, silver, gossamer
a: Blinkbolt, Begin Untransformation, Renounce Religion, Evoke Blink, Stomp


You escaped.
You worshipped Uskayaw.
Uskayaw was most pleased with you.
You were a lightning-filled tempest!
You visited 9 branches of the dungeon, and saw 47 of its levels.
You visited the Abyss 1 time.
You also visited: Sewer, Bailey and Volcano.

You collected 7485 gold pieces.
You spent 3544 gold pieces at shops.

Inventory:

Hand Weapons
 Z - a +2 rapier of speed (melded)
Missiles
 A - 12 throwing nets
 V - 19 curare-tipped darts
Armour
 p - +0 swamp dragon scales (melded)
 x - a +2 pair of boots of flying (melded)
 J - a +2 pair of gloves of dexterity (melded)
 N - a +5 kite shield of cold resistance (melded)
 S - a +1 cloak (melded)
 X - a +2 helmet of see invisible (melded)
Jewellery
 m - the ring of the Traitor (left fist) {rPois Will+}
   (You found it on level 15 of the Dungeon)

   [ring of willpower]

   rPois:     It protects you from poison Will+: It increases your willpower.
 q - the amulet "Numeysij" (around neck) {Faith +Blink rF+++ Dex-2}
   (You took it off an ironbound preserver on level 5 of the Vaults)

   [amulet of faith]

   Faith:     It allows you to gain divine favour quickly.
   Dex-2:     It affects your dexterity (-2).
   rF+++:     It renders you almost immune to fire.
   +Blink:    It lets you blink.
 r - the ring of Shadows {Umbra +Inv Stlth+}
   (You found it on level 5 of the Lair of Beasts)

   [ring of stealth]

   Umbra:     It surrounds you with an aura of shadow, increasing your stealth
   and reducing the accuracy of all others within it.
   +Inv:      It lets you turn invisible.
   Stlth+:    It makes you more stealthy.
 v - a ring of resist corrosion
 y - a ring of positive energy
 L - a ring of protection from cold (right fist)
 Y - a ring of see invisible
Talismans
 G - a storm talisman (active)
 O - a talisman of death
Wands
 b - a wand of digging (29)
 z - a wand of light (30)
 K - a wand of iceblast (8)
 Q - a wand of paralysis (34)
Scrolls
 d - 8 scrolls of fear
 g - 5 scrolls of vulnerability
 j - 3 scrolls of brand weapon
 k - 9 scrolls of immolation
 s - 14 scrolls of fog
 C - 22 scrolls of teleportation
 D - 7 scrolls of silence
 M - 6 scrolls of enchant armour
 P - 4 scrolls of enchant weapon
 U - 4 scrolls of poison
 W - 3 scrolls of summoning
Potions
 h - 11 potions of invisibility
 i - 21 potions of curing
 l - 4 potions of magic
 n - 6 potions of might
 o - 7 potions of mutation
 t - 13 potions of heal wounds
 u - 15 potions of attraction
 B - 5 potions of enlightenment
 E - 5 potions of resistance
 F - 6 potions of berserk rage
 H - 11 potions of ambrosia
 R - 6 potions of cancellation
Miscellaneous
 a - a phial of floods
 c - a tin of tremorstones (2/2)
 e - a lightning rod (4/4)
 T - a phantom mirror


   Skills:
 + Level 23.3 Fighting
 - Level 14.0 Short Blades
 - Level 5.0 Armour
 + Level 25.4 Dodging
 - Level 14.0 Stealth
 - Level 10.0 Shields
 * Level 23.6 Unarmed Combat
 - Level 3.0 Spellcasting
 - Level 8.0 Transmutations
 + Level 19.6 Invocations
 - Level 4.0 Evocations
 - Level 21.0 Shapeshifting


You had 26 spell levels left.
You knew the following spells:

 Your Spells              Type           Power      Damage    Failure   Level
a - Wereblood             Tmut           22%        N/A       3%          2
b - Manifold Assault      Tloc           1%         N/A       97%         4

Your spell library contained the following spells:

 Spells                   Type           Power      Damage    Failure   Level
 Sting                    Tmut/Pois      48%        1d5       9%          1
 Passwall                 Tmut/Erth      10%        N/A       13%         2
 Foxfire                  Conj/Fire      4%         2x1d4     36%         1
 Kiss of Death            Conj/Necr      4%         2d5       36%         1
 Magic Dart               Conj           4%         1d3       36%         1
 Sandblast                Erth           2%         2d4       36%         1
 Shock                    Conj/Air       4%         1d3       36%         1
 Slow                     Hex            4%         N/A       36%         1
 Summon Small Mammal      Summ           4%         N/A       36%         1
 Ignite Poison            Fire/Tmut/Pois 8%         N/A       36%         3
 Blink                    Tloc           2%         N/A       47%         2
 Call Imp                 Summ           2%         N/A       47%         2
 Cigotuvi's Dreadful Rot  Necr/Pois/Air  2%         N/A       47%         2
 Lesser Beckoning         Tloc           2%         N/A       47%         2
 Searing Ray              Conj           2%         2d4       47%         2
 Static Discharge         Conj/Air       2%         2-3/arc   47%         2
 Petrify                  Tmut/Erth      12%        N/A       56%         4
 Call Canine Familiar     Summ           1%         N/A       71%         3
 Confusing Touch          Hex            1%         N/A       71%         3
 Dazzling Flash           Conj/Hex       2%         N/A       71%         3
 Frozen Ramparts          Ice            2%         1d1       71%         3
 Gell's Gravitas          Tloc           1%         N/A       71%         3
 Hailstorm                Conj/Ice       1%         3d3       71%         3
 Inner Flame              Hex/Fire       1%         N/A       71%         3
 Mephitic Cloud           Conj/Pois/Air  1%         N/A       71%         3
 Portal Projectile        Hex/Tloc       2%         N/A       71%         3
 Stone Arrow              Conj/Erth      2%         3d7       71%         3
 Summon Guardian Golem    Hex/Summ       1%         N/A       71%         3
 Swiftness                Air            1%         N/A       71%         3
 Teleport Other           Tloc           1%         N/A       71%         3
 Tukima's Dance           Hex            1%         N/A       71%         3
 Vampiric Draining        Necr           1%         2d6       71%         3
 Alistair's Intoxication  Tmut/Pois      8%         N/A       88%         5
 Irradiate                Conj/Tmut      6%         3d13      88%         5
 Yara's Violent Unravell  Hex/Tmut       6%         3d5       88%         5
 Airstrike                Air            0%         2d(1-17)  97%         4
 Animate Armour           Summ/Erth      2%         N/A       97%         4
 Cause Fear               Hex            0%         N/A       97%         4
 Dispel Undead            Necr           1%         3d6       97%         4
 Flame Wave               Conj/Fire      1%         2d4       97%         4
 Fulminant Prism          Conj/Hex       0%         3d5       97%         4
 Iskenderun's Mystic Bla  Conj/Tloc      1%         2d3       97%         4
 Leda's Liquefaction      Hex/Erth       0%         N/A       97%         4
 Passage of Golubria      Tloc           1%         N/A       97%         4
 Sticky Flame             Conj/Fire      1%         2d3       97%         4
 Summon Ice Beast         Ice/Summ       1%         N/A       97%         4
 Summon Lightning Spire   Summ/Air       1%         N/A       97%         4
 Agony                    Necr           1%         N/A       100%        5
 Borgnjor's Vile Clutch   Necr/Erth      0%         N/A       100%        5
 Fireball                 Conj/Fire      0%         3d3       100%        5
 Freezing Cloud           Conj/Ice/Air   0%         6-21      100%        5
 Lee's Rapid Deconstruct  Erth           0%         3d4*      100%        5
 Metabolic Englaciation   Hex/Ice        0%         N/A       100%        5
 Silence                  Hex/Air        0%         N/A       100%        5
 Summon Forest            Summ/Tloc      0%         N/A       100%        5
 Summon Mana Viper        Hex/Summ       1%         N/A       100%        5
 Dispersal                Tloc           0%         N/A       100%        6
 Eringya's Noxious Bog    Tmut/Pois      6%         4d6       100%        6
 Leda's Unmaking          Conj/Erth      0%         9d1       100%        6
 Plasma Beam              Fire/Air       0%         2x1d10    100%        6
 Starburst                Conj/Fire      0%         6d3       100%        6
 Haunt                    Necr/Summ      0%         N/A       100%        7
 Malign Gateway           Summ/Tloc      0%         N/A       100%        7
 Monstrous Menagerie      Summ           0%         N/A       100%        7
 Orb of Destruction       Conj           0%         9d5       100%        7
 Summon Hydra             Summ           0%         N/A       100%        7
 Borgnjor's Revivificati  Necr           0%         N/A       100%        8
 Disjunction              Tloc           0%         N/A       100%        8
 Ignition                 Fire           0%         3d3       100%        8
 Summon Horrible Things   Summ           0%         N/A       100%        8
 Chain Lightning          Conj/Air       0%         2d1       100%        9
 Death's Door             Necr           0%         N/A       100%        9
 Dragon's Call            Summ           0%         N/A       100%        9
 Sublimation of Blood     Necr           Unusable   N/A       N/A         2

Dungeon Overview and Level Annotations

Branches:
Dungeon (15/15)            Temple (0/1) D:6            Lair (5/5) D:11
 Shoals (4/4) Lair:2       Spider (4/4) Lair:2        Slime (0/5) Lair:4
    Orc (2/2) D:11            Elf (3/3) Orc:2        Vaults (5/5) D:13
  Crypt (0/3) Vaults:2     Depths (4/4) D:15            Zot (5/5) Depths:4
  Sewer (visited)          Bailey (visited)         Volcano (visited)

Altars:
Elyvilon
Gozag
Hepliaklqana
Kikubaaqudgha
Nemelex Xobeh
Uskayaw
Xom
Zin
The Shining One
Jiyva

Shops:
D:1 !   D:2 *   D:6 ?   D:8 [   Orc:2 (*(!   Elf:1 [(([?(*?   Elf:2 *
Vaults:1 (   Vaults:3 ([[*

Portals:
Hell: Depths:1 Depths:2 Depths:3 Depths:4
Abyss: Depths:3 Depths:4
Pandemonium: Depths:1 Depths:2 Depths:3 Depths:4
Ziggurat: Depths:1

Annotations:
D:3 exclusion: 2 downstairs
D:15 1 transporter
Lair:4 exclusion: oklob plant


Innate Abilities, Weirdness & Mutations

You are a lightning-filled tempest!
Your electrical attacks strike out in all directions at once.
You are incredibly evasive.
Your insubstantial body is immune to petrification, constriction, and being set on fire You are flying.
Your armour is entirely melded.
You are incapable of wielding weapons or throwing items.
You are immune to poison.
((You are very nimble when in or above water. (Stealth+, EV+, Speed+++)))
((Your lower body shifts to a powerful aquatic tail in water.))
((You are partially covered in iridescent scales. (AC +2)))
Your spells are a little harder to cast, but a little more powerful.
Potions are less effective at restoring your health.
You have hidden genetic defects.


Message History

You hit the hell hound but do no damage.
You punch the hell hound.
The hell hound is heavily wounded.
The hell hound completely misses you.
You blast the hell hound!!!!
You kill the hell hound!
What level of the Dungeon? (default 1, ? - help)
There is an open door here.
A Brimstone Fiend comes into view.
The Brimstone Fiend roars!
The Brimstone Fiend moves out of view.
The Brimstone Fiend gestures at you.
The sphere of damnation explodes!
The damnation engulfs you!!
There is a stone staircase leading up here.
You fly upwards.
There is a stone staircase leading down here.
An Orb Guardian comes into view.
You barely miss the Orb Guardian.
You blast the Orb Guardian!!!!
The Orb Guardian is almost dead.
The Orb Guardian barely misses you.
You can now pass through a line of other dancers.
You blast the Orb Guardian!!!
Lightning courses through the Orb Guardian!
You kill the Orb Guardian!
A hellwing comes into view.
A hellwing comes into view.
The hellwing gives a chilling moan.
Aiming: Blinkbolt
Press: ? - help, Dir - move target, f - hellwing
Aim: a hellwing (94% to hit)
The shock of your passage hits the hellwing!!!!
You kill the hellwing!
The shock of your passage hits the hellwing!!!!
You kill the hellwing!
You blink.
You feel energetic enough to blinkbolt again.
HP restored.
There is a staircase leading out of the dungeon here.
You have escaped!

.....# ##.# #.#.# .....#
##.###.#.# .....#
###.)....#.# .....#
#~~~~~##.#.# .♣.♣##
#♣~~~~##.#.# ...####
###♣~♣###...# .♣.♣..#
#.##~##.#.#.# ......#
#...~...#.#.# .♣.♣..#
#.##~##v#.#.##### ......#
###♣~~###.#.....# .♣.♣..#
#~~~~~##.#.###.# ......#
#P~~~♣##..K....#
......#######♣######.########
.................>..........#
......#######.#.####.########
♣.♣.♣.♣#♣#♣##.#.# #.#
..............#.# #.#


There were no monsters in sight!

Vanquished Creatures
  A dread lich (Zot:5)
  6 ancient liches
  7 orbs of fire
  Sojobo (Depths:1)
  3 Killer Klowns (Zot:5)
  Vv (Depths:3)
  Xtahua (Depths:3)
  A shard shrike (Zot:3)
  4 curse toes
  A caustic shrike (Depths:2)
  Jory (Depths:3)
  10 golden dragons
  A profane servitor (Abyss:3)
  Norris (Depths:3)
  Arachne (Spider:4)
  A bone dragon (Depths:4)
  The ghost of WhatIsLove the Slayer, an adept HOMo of Beogh (Elf:2)
  3 electric golems
  Jorgrun (D:15)
  28 Orb Guardians
  18 tentacled monstrosities
  2 titans (Vaults:5)
  2 liches
  2 deep elf blademasters (Elf:3)
  5 quicksilver dragons
  A walking frostbound tome (Depths:4)
  4 sphinxes
  2 deep elf master archers (Elf:3)
  An ancient champion (Vaults:2)
  2 tentacled starspawn (Abyss:4)
  5 death cobs
  Kirke (Lair:3)
  12 shadow dragons
  Aizul (Shoals:3)
  Gastronok (D:11)
  16 storm dragons
  4 tengu reavers
  11 draconian monks
  3 fire giants
  3 draconian knights
  12 vault wardens
  6 emperor scorpions
  8 frost giants
  9 draconian scorchers
  3 iron dragons (Vaults:5)
  7 ghost moths
  3 deep elf elementalists (Elf:3)
  7 deep elf sorcerers
  A balrug (Depths:2)
  5 draconian stormcallers
  The ghost of Hun Mipn the Crack Shot, an adept DERe of Okawaru (Spider:3)
  A spriggan defender (Depths:3)
  5 draconian shifters
  The ghost of Upi Gyme the Frost Mage, a journeyman DsIE of Cheibriados (Orc:2)
  The ghost of Upi Gyme the Frost Mage, a journeyman DsIE of Cheibriados (Orc:2)
  A curse skull (Vaults:2)
  A formless jellyfish (Vaults:1)
  5 broodmothers
  18 ironbound preservers
  3 orc warlords
  4 draconian annihilators
  7 ironbound thunderhulks
  12 stone giants
  A war gargoyle (Vaults:2)
  33 very ugly things
  A vampire knight (Depths:1)
  16 black draconians
  The ghost of Uzxa Qoas the Thaumaturge, a journeyman DEEE of Vehumet (Orc:2)
  13 green draconians
  17 purple draconians
  12 yellow draconians
  8 deep elf demonologists
  7 deep elf annihilators
  27 white draconians
  15 red draconians
  6 spark wasps
  8 dire elephants
  The ghost of Vupaekk the Geomancer, a journeyman DsEE of Vehumet (Orc:2)
  A green death (Depths:1)
  4 merfolk javelineers (Shoals:4)
  7 deep elf death magi
  9 ettins
  12 merfolk impalers
  An entropy weaver (shapeshifter) (Elf:2)
  3 crystal guardians
  3 jiangshi
  6 ice dragons
  4 deep elf high priests
  Josephine (D:10)
  12 fire dragons
  2 entropy weavers
  7 great orbs of eyes
  Fannar (Lair:3)
  3 hydras
  35 vault guards
  7 yaktaur captains
  2 peacekeepers
  4 ironbound frosthearts
  A hell beast (Depths:4)
  3 jorogumos
  A catoblepas (Shoals:3)
  An alligator snapping turtle (Shoals:3)
  5 spriggan air magi
  4 two-headed ogres
  2 sphinx zombies
  5 merfolk avatars
  2 radroaches
  9 centaur warriors
  8 boulder beetles
  A death scarab (Spider:3)
  5 satyrs
  3 vampire magi (Depths:3)
  7 death yaks
  11 merfolk aquamancers
  2 death knights
  5 deep troll earth magi
  4 deep troll shamans
  9 tengu warriors
  13 demonic crawlers
  28 dancing weapons
  7 spriggan berserkers
  11 orc high priests
  A sun demon (Depths:1)
  A spectral emperor scorpion (Spider:3)
  A titan skeleton (Depths:2)
  A fire crab (Lair:5)
  9 hell knights
  Sonja (Lair:2)
  9 iron trolls
  5 skeletal warriors (D:14)
  18 deep elf knights
  A deep troll (shapeshifter) (Vaults:2)
  14 orb spiders
  9 skysharks
  A shadow demon (Depths:2)
  6 pharaoh ants
  12 sea snakes
  2 spectral ghost moths (Spider:3)
  2 sun moths
  2 large abominations (Abyss:3)
  44 deep trolls
  12 wizards
  The ghost of WhatIsLove the Protected, a novice HOMo of Beogh (D:8)
  7 steelbarb worms
  2 glowing orange brains
  17 ironbound convokers
  An obsidian statue (Elf:2)
  5 necromancers
  7 phantasmal warriors
  14 deep elf archers
  37 harpies
  A steelbarb worm (shapeshifter) (Vaults:5)
  8 orc knights
  A stone giant zombie (Depths:2)
  A mana viper (shapeshifter) (D:15)
  12 lindwurms
  22 fauns
  30 deep elf pyromancers
  30 deep elf zephyrmancers
  45 ugly things
  5 cyclopes
  13 manticores
  3 orc sorcerers
  30 wolf spiders
  A shadow dragon skeleton (Depths:2)
  A shining eye (shapeshifter) (Vaults:5)
  28 moths of wrath
  7 black mambas
  9 merfolk sirens
  18 elephants
  2 rust devils (Depths:1)
  Maurice (D:10)
  2 centaur zombies (D:11)
  Joseph (D:10)
  A titan simulacrum (Vaults:4)
  A black mamba (shapeshifter) (Vaults:5)
  3 smoke demons (Depths:2)
  23 vault sentinels
  Maggie (D:8)
  2 water nymphs
  Jeremiah (Lair:1)
  6 torpor snails
  2 gargoyles
  2 orange demons
  13 cane toads
  2 unseen horrors
  A kobold demonologist (D:12)
  A ghost moth simulacrum (Spider:3)
  4 rime drakes
  25 yaktaurs
  2 efreet (D:15)
  9 komodo dragons
  2 freezing wraiths
  4 tengu conjurers
  2 ice devils (Depths:1)
  29 merfolk
  2 red devils
  9 meliai
  5 polar bears
  6 trolls
  2 wolf spider simulacra (Spider:3)
  A merfolk (shapeshifter) (Vaults:5)
  4 hellwings
  10 snapping turtles
  36 tarantellas
  12 hornets
  A raiju (Abyss:3)
  10 wind drakes
  8 blink frogs
  A meliai zombie (D:11)
  A frost giant simulacrum (Depths:2)
  A centaur simulacrum (D:13)
  22 slime creatures
  A ynoxinul (Depths:4)
  25 culicivoras
  33 jumping spiders
  2 shadows
  7 spriggans
  10 wraiths
  13 water elementals
  Sigmund (D:6)
  An air elemental (Elf:1)
  45 yaks
  3 vampires (D:11)
  8 wyverns
  5 basilisks
  5 fire elementals
  3 hogs (Lair:3)
  10 vampire mosquitoes
  A neqoxec (Depths:1)
  A steam dragon (D:9)
  38 redbacks
  2 chaos spawn
  3 swamp worms (D:8)
  3 acid dragons
  A human zombie (Vaults:4)
  11 wargs
  3 hell hounds (D:2)
  2 glowing shapeshifter skeletons
  14 water moccasins
  2 meliai simulacra
  Pargi (Sewer)
  An ice beast (D:6)
  21 orc warriors
  A sky beast (shapeshifter) (Elf:1)
  3 black bears
  10 ogres
  10 centaurs
  12 wolves
  2 kobold brigands
  8 gnoll sergeants (Bailey)
  9 bullfrogs
  4 scorpions
  3 earth elementals
  9 wights
  4 killer bees (D:9)
  10 howler monkeys
  5 hounds
  6 gnoll boudas (Bailey)
  A jelly (D:7)
  41 orc priests
  3 sleepcaps
  4 iguanas
  17 orc wizards
  17 gnolls
  9 adders
  2 river rats (D:5)
  A shadow imp (D:8)
  2 white imps
  A worm (D:2)
  2 dart slugs
  103 orcs
  4 endoplasms
  5 giant cockroaches
  12 goblins
  7 hobgoblins
  4 jackals (D:2)
  5 quokkas
  8 ball pythons
  6 bats
  A frilled lizard (D:2)
  11 kobolds
  9 rats
2155 creatures vanquished.

Vanquished Creatures (collateral kills)
  Polyphemus (Shoals:3)
1 creature vanquished.

Vanquished Creatures (others)
  A vault guard (Vaults:3)
  A deep elf zephyrmancer (Elf:2)
  A deep elf pyromancer (Elf:2)
  2 harpies (Shoals:2)
  A human (Lair:3)
  A water elemental (Elf:1)
  An orc warrior (Orc:2)
  An electric eel (Lair:4)
9 creatures vanquished.

Grand Total: 2165 creatures vanquished

Notes
Turn   | Place    | Note
-------+----------+-------------------------------------------
     0 | D:1      | motkurizz the Merfolk Shapeshifter began the quest for the
                  | Orb.
     0 | D:1      | Reached XP level 1. HP: 15/15 MP: 1/1
   385 | D:1      | Found Lauwnuit's Distillery.
   480 | D:1      | Reached skill level 3 in Dodging
   489 | D:1      | Reached XP level 2. HP: 21/21 MP: 2/2
   517 | D:1      | Found The Oracle's Delphic Readings.
   586 | D:1      | You fall into a shaft and drop 1 floor!
   897 | D:2      | Reached XP level 3. HP: 27/27 MP: 3/3
  1184 | D:1      | Bought a potion of degeneration for 14 gold pieces
  1407 | D:2      | Found Moekekhi's Assorted Antiques.
  1414 | D:2      | Bought a scroll labelled URGHUKK FEDIOJU for 25 gold pieces
  1414 | D:2      | Bought a scroll labelled OMAOWAANYP for 25 gold pieces
  1578 | D:2      | Reached skill level 4 in Dodging
  1578 | D:2      | Reached XP level 4. HP: 34/34 MP: 4/4
  2218 | D:3      | Found an ancient bone altar of Kikubaaqudgha.
  2219 | D:3      | Found a hide-covered altar of Uskayaw.
  2240 | D:3      | Became a worshipper of Uskayaw the Reveller
  2392 | D:4      | Noticed an ogre
  2435 | D:4      | Noticed a black bear
  2439 | D:4      | Reached * piety under Uskayaw
  2486 | D:4      | Reached ** piety under Uskayaw
  2487 | D:4      | Reached skill level 1 in Short Blades
  2487 | D:4      | Reached XP level 5. HP: 38/41 MP: 5/5
  2600 | D:4      | Reached *** piety under Uskayaw
  2601 | D:4      | Killed a black bear
  2602 | D:4      | Reached XP level 6. HP: 35/48 MP: 6/6
  2605 | D:4      | Reached **** piety under Uskayaw
  2767 | D:4      | Reached skill level 1 in Invocations
  3051 | D:4      | Reached XP level 7. HP: 47/55 MP: 6/8
  3108 | D:4      | Reached skill level 5 in Fighting
  3108 | D:4      | Reached skill level 5 in Shapeshifting
  3116 | D:4      | Found a shimmering altar of Xom.
  3123 | D:4      | Found a hazy altar of Hepliaklqana.
  3128 | D:4      | Found a sparkling altar of Nemelex Xobeh.
  3177 | D:4      | HP: 2/56 [ogre/+0 giant spiked club (17)]
  3634 | D:5      | Entered Level 5 of the Dungeon
  3698 | D:5      | Found a glowing drain.
  3702 | Sewer    | Entered a sewer
  3733 | Sewer    | Noticed Pargi
  3746 | Sewer    | Killed Pargi
  3747 | Sewer    | Reached skill level 5 in Short Blades
  3917 | D:5      | Reached XP level 8. HP: 64/64 MP: 9/9
  4555 | D:6      | Found Foycs's Magic Scroll Boutique.
  4564 | D:6      | Reached ***** piety under Uskayaw
  4565 | D:6      | Reached skill level 1 in Stealth
  4574 | D:6      | Bought 2 scrolls of identify for 56 gold pieces
  4576 | D:6      | Bought a scroll of identify for 28 gold pieces
  4576 | D:6      | Bought a scroll of identify for 28 gold pieces
  4631 | D:6      | Noticed Sigmund
  4641 | D:6      | Killed Sigmund
  4702 | D:6      | Reached XP level 9. HP: 65/71 MP: 11/11
  4749 | D:6      | Reached skill level 5 in Dodging
  4759 | D:6      | Found a staircase to the Ecumenical Temple.
  5900 | D:7      | Found a flagged portal.
  5912 | Bailey   | Entered a bailey
  6362 | Bailey   | Reached skill level 6 in Dodging
  6493 | Bailey   | Identified the +7 battleaxe of Resumed Hostilities {drain,
                  | rPois Str+2 Int+2}
  6618 | Bailey   | Reached skill level 5 in Invocations
  6698 | Bailey   | Reached XP level 10. HP: 75/82 MP: 11/13
  7733 | D:8      | Reached skill level 5 in Stealth
  7735 | D:8      | Reached skill level 7 in Dodging
  7857 | D:8      | Found a runed translucent gate.
  7857 | D:8      | Found a runed translucent gate.
  7857 | D:8      | Found a runed translucent gate.
  7932 | D:8      | Noticed WhatIsLove's ghost (novice HOMo)
  7960 | D:8      | Noticed Maggie
  7992 | D:8      | Found Xyekheah's Armour Shoppe.
  8104 | D:9      | Reached skill level 1 in Armour
  8828 | D:10     | Entered Level 10 of the Dungeon
  8834 | D:10     | Noticed Maurice
  8841 | D:10     | Killed Maurice
  8885 | D:10     | Noticed Joseph
  8932 | D:10     | Noticed Josephine
  8962 | D:10     | Reached skill level 10 in Short Blades
  9109 | D:10     | Reached XP level 11. HP: 73/90 MP: 11/15
  9111 | D:10     | Reached skill level 8 in Dodging
  9111 | D:10     | Reached skill level 1 in Shields
  9225 | D:10     | Reached skill level 10 in Fighting
  9291 | D:10     | Noticed a two-headed ogre
  9293 | D:10     | Killed a two-headed ogre
  9612 | D:11     | Reached skill level 9 in Dodging
  9672 | D:11     | Reached ****** piety under Uskayaw
  9705 | D:11     | Reached skill level 10 in Dodging
  9759 | D:11     | Found a staircase to the Orcish Mines.
  9985 | D:11     | Noticed Gastronok
 10038 | D:12     | Noticed a centaur warrior
 10086 | D:11     | Noticed a boulder beetle
 10142 | D:10     | Killed Joseph
 10209 | D:10     | Killed Josephine
 10210 | D:10     | Reached skill level 1 in Spellcasting
 10210 | D:10     | Reached XP level 12. HP: 99/99 MP: 17/17
 10211 | D:10     | Paralysed by a hornet for 2 turns
 10216 | D:10     | Reached skill level 11 in Dodging
 10338 | D:8      | Killed Maggie
 10813 | D:8      | Killed WhatIsLove's ghost
 11302 | D:11     | Killed Gastronok
 11303 | D:11     | Reached skill level 12 in Dodging
 11531 | D:11     | Killed a boulder beetle
 11609 | D:11     | Found a staircase to the Lair.
 11615 | D:11     | Identified the +1 sling of Jawoowom {freeze, rElec rC++}
 11662 | Lair:1   | Entered Level 1 of the Lair of Beasts
 11740 | Lair:1   | Noticed Jeremiah
 11773 | Lair:1   | Killed Jeremiah
 12066 | Lair:1   | Reached XP level 13. HP: 107/107 MP: 19/19
 12676 | Lair:2   | Found a hole to the Spider Nest.
 12918 | Lair:2   | Found a staircase to the Shoals.
 12989 | Lair:2   | Reached skill level 10 in Stealth
 13563 | Lair:2   | Noticed Sonja
 13574 | Lair:2   | Killed Sonja
 14020 | Lair:2   | Reached skill level 10 in Invocations
 14199 | Lair:3   | Noticed Fannar
 14209 | Lair:3   | Noticed Kirke
 14217 | Lair:3   | Killed Fannar
 14244 | Lair:3   | Killed Kirke
 14364 | Lair:3   | Reached skill level 5 in Armour
 14591 | Lair:3   | Reached XP level 14. HP: 91/118 MP: 22/22
 15189 | Lair:4   | Found a dark tunnel.
 15218 | Volcano  | Entered a volcano
 15502 | Lair:4   | Reached skill level 1 in Evocations
 15620 | Lair:4   | Found a viscous altar of Jiyva.
 15620 | Lair:4   | Found a staircase to the Slime Pits.
 16126 | Lair:5   | Entered Level 5 of the Lair of Beasts
 16658 | Lair:5   | Found the ring of Shadows {Umbra +Inv Stlth+}
 16684 | Lair:5   | Got the Codex of Injurious Phantasms
 16913 | Lair:5   | Reached skill level 13 in Dodging
 17808 | Orc:1    | Entered Level 1 of the Orcish Mines
 18112 | Orc:2    | Entered Level 2 of the Orcish Mines
 18158 | Orc:2    | Reached XP level 15. HP: 127/127 MP: 24/24
 18245 | Orc:2    | Reached skill level 14 in Dodging
 18572 | Orc:2    | Noticed an orc warlord
 18825 | Orc:2    | Found Tooner's Weapon Boutique.
 18825 | Orc:2    | Found Dyeluy's Assorted Antiques.
 18975 | Orc:2    | Found Utot's Distillery.
 18975 | Orc:2    | Found Kedug's Weapon Boutique.
 19014 | Orc:2    | Killed an orc warlord
 19283 | Orc:2    | Found a staircase to the Elven Halls.
 19290 | Orc:2    | Found a runed translucent gate.
 19290 | Orc:2    | Found a runed translucent gate.
 19291 | Orc:2    | Found a runed translucent gate.
 19292 | Orc:2    | Noticed Uzxa Qoas's ghost (journeyman DEEE)
 19293 | Orc:2    | Noticed Vupaekk's ghost (journeyman DsEE)
 19293 | Orc:2    | Noticed Upi Gyme's ghost (journeyman DsIE)
 19293 | Orc:2    | Noticed Upi Gyme's ghost (journeyman DsIE)
 19299 | Orc:2    | Killed Upi Gyme's ghost
 19395 | Orc:2    | Bought a potion of heal wounds for 80 gold pieces
 19395 | Orc:2    | Bought a potion of invisibility for 128 gold pieces
 19395 | Orc:2    | Bought a potion of cancellation for 128 gold pieces
 19620 | Orc:2    | Killed Uzxa Qoas's ghost
 19861 | Orc:2    | Bought a glowing emerald ring for 135 gold pieces
 19861 | Orc:2    | Bought a ruby ring for 135 gold pieces
 19893 | Orc:2    | Killed Upi Gyme's ghost
 19927 | Orc:2    | Killed Vupaekk's ghost
 20045 | Orc:2    | Got the Tractate on Cold Grit
 20265 | D:2      | Bought a scroll of blinking for 187 gold pieces
 20265 | D:2      | Bought a potion of heal wounds for 125 gold pieces
 20330 | D:6      | Bought a scroll of enchant armour for 105 gold pieces
 20330 | D:6      | Bought a scroll of enchant armour for 105 gold pieces
 21481 | D:13     | Reached skill level 5 in Shields
 21863 | D:13     | Found a gate to the Vaults.
 22693 | D:14     | Identified the +2 falchion of Ikod {heavy, rN+}
 22819 | Elf:1    | Entered Level 1 of the Elven Halls
 22973 | Elf:1    | Gained mutation: You occasionally lose the ability to drink
                  | potions when taking damage. [a neqoxec]
 23250 | Spider:1 | Entered Level 1 of the Spider Nest
 23811 | Spider:1 | Reached XP level 16. HP: 134/134 MP: 25/25
 24033 | Spider:1 | Identified the +2 robe "Sicresos" {rN+ rCorr Int+3 Dex-3}
 24254 | Spider:1 | Reached skill level 10 in Shields
 24364 | Spider:1 | Reached skill level 15 in Dodging
 25070 | Spider:2 | Reached skill level 15 in Fighting
 25548 | Spider:2 | Got the Volume of the Entourage and Breath
 25832 | Spider:2 | Identified the +4 trident of Youthful Indiscretion {freeze,
                  | Fly Str+3}
 27718 | Spider:3 | Noticed Hun Mipn's ghost (adept DERe)
 27756 | Spider:3 | Reached skill level 16 in Dodging
 27865 | Spider:3 | Found a transporter.
 28091 | Spider:4 | Entered Level 4 of the Spider Nest
 28167 | Spider:3 | Found a transporter.
 28270 | Shoals:1 | Entered Level 1 of the Shoals
 28303 | Lair:2   | Reached XP level 17. HP: 93/144 MP: 26/26
 28432 | Shoals:1 | Identified the amulet of Xeur {Reflect rF++ Int+4 SH+5}
 30501 | Shoals:2 | Noticed a kraken
 30869 | Shoals:3 | Reached skill level 10 in Shapeshifting
 31159 | Shoals:3 | Noticed Polyphemus
 31190 | Shoals:3 | Killed Polyphemus
 31706 | Shoals:3 | Reached XP level 18. HP: 151/151 MP: 27/27
 31750 | Shoals:3 | Noticed Aizul
 31759 | Shoals:3 | Killed Aizul
 31959 | Shoals:4 | Entered Level 4 of the Shoals
 32145 | Shoals:4 | Identified the +5 long sword "Joywuanamn" {venom, rElec
                  | rN+}
 32541 | Elf:1    | Found Hoquc's Antique Weapon Boutique.
 32751 | Elf:1    | Found Fonoel's Armour Boutique.
 32751 | Elf:1    | Found Zuaberuth's Armour Shop.
 32757 | Elf:1    | Found Ream's Antique Weapon Shop.
 32788 | Elf:1    | Found Cujufic's Weapon Emporium.
 32910 | Elf:1    | Bought a +1 helmet of see invisible for 247 gold pieces
 32925 | Elf:1    | Bought a +2 pair of gloves of dexterity for 322 gold pieces
 32964 | Elf:1    | Found Mouwaept's General Store.
 32970 | Elf:1    | Bought a scroll of fear for 44 gold pieces
 33118 | Elf:1    | Paralysed by an air elemental for 1 turns
 33474 | Elf:1    | Found Yzasoxai's Magic Scroll Shoppe.
 33484 | Elf:1    | Bought a scroll of fog for 60 gold pieces
 33484 | Elf:1    | Bought a scroll of fear for 60 gold pieces
 33785 | Elf:1    | Found Harised's Magic Scroll Shoppe.
 33789 | Elf:1    | Bought a scroll of blinking for 97 gold pieces
 33987 | Elf:2    | Found a runed translucent gate.
 33987 | Elf:2    | Found a runed translucent gate.
 33987 | Elf:2    | Found a runed translucent gate.
 33987 | Elf:2    | Found an opulent altar of Gozag.
 33987 | Elf:2    | Noticed WhatIsLove's ghost (adept HOMo)
 34298 | Elf:2    | Reached skill level 15 in Shapeshifting
 35749 | Elf:2    | Found a runed translucent gate.
 35749 | Elf:2    | Found a runed translucent gate.
 35749 | Elf:2    | Found a runed translucent gate.
 35905 | Elf:2    | Found Ytigaiss's Assorted Antiques.
 36867 | Elf:2    | Reached XP level 19. HP: 157/157 MP: 28/28
 37970 | Spider:4 | Lost mutation: You occasionally lose the ability to drink
                  | potions when taking damage. [potion of mutation]
 37970 | Spider:4 | Gained mutation: You are partially covered in iridescent
                  | scales. (AC +2) [potion of mutation]
 37970 | Spider:4 | Gained mutation: Your spells are a little harder to cast,
                  | but a little more powerful. [potion of mutation]
 39414 | Spider:4 | Noticed Arachne
 39424 | Spider:4 | Killed Arachne
 40820 | Spider:4 | Got a gossamer rune of Zot
 41147 | Spider:3 | Killed Hun Mipn's ghost
 41846 | Shoals:4 | Identified the +7 short sword "Jiackuf" {freeze, rElec
                  | rPois rF- Stlth+}
 41932 | Shoals:4 | Reached XP level 20. HP: 132/164 MP: 29/29
 42279 | Shoals:4 | Reached skill level 5 in Unarmed Combat
 42501 | Shoals:4 | Identified the +0 scale mail of Minor Irritation {rElec
                  | Will+++ Str-3 Dex-4}
 42852 | Shoals:4 | Got a barnacled rune of Zot
 43887 | D:15     | Entered Level 15 of the Dungeon
 43906 | D:15     | Noticed Jorgrun
 43916 | D:15     | Killed Jorgrun
 44063 | D:15     | Identified the +0 chain mail "Gudghifu" {SInv}
 44130 | D:15     | Found a transporter.
 44131 | D:15     | Identified the ring of the Traitor {rPois Will+}
 44173 | D:15     | Reached skill level 10 in Unarmed Combat
 44193 | D:15     | Found a staircase to the Depths.
 44737 | Vaults:1 | Entered Level 1 of the Vaults
 45231 | Vaults:1 | Found Bistob's Weapon Emporium.
 45577 | Vaults:1 | Reached skill level 17 in Dodging
 45868 | Vaults:2 | Reached XP level 21. HP: 83/171 MP: 30/30
 45868 | Vaults:2 | Found a staircase to the Crypt.
 46505 | Vaults:2 | Reached skill level 18 in Dodging
 47221 | Vaults:3 | Found Giqyib's General Store.
 47226 | Vaults:3 | Bought a scroll of blinking for 112 gold pieces
 47258 | Vaults:3 | Found Xohuoddi's Armour Shop.
 47667 | Vaults:3 | Found Ocemorer's Antique Weapon Emporium.
 47694 | Vaults:3 | Found Gucat's Armour Shoppe.
 47851 | Vaults:3 | Reached skill level 19 in Dodging
 48409 | Vaults:3 | Reached skill level 15 in Unarmed Combat
 48497 | Vaults:4 | Reached XP level 22. HP: 178/182 MP: 31/31
 48959 | Vaults:4 | Reached skill level 20 in Dodging
 49827 | Depths:1 | Entered Level 1 of the Depths
 49926 | Depths:1 | Found a gateway to Hell.
 50163 | Depths:1 | Found a one-way gate leading to the halls of Pandemonium.
 50234 | Depths:1 | Noticed Sojobo
 50240 | Depths:1 | Killed Sojobo
 50402 | Depths:1 | Noticed an ancient lich
 50403 | Depths:1 | Found a one-way gateway to a ziggurat.
 50403 | Depths:1 | Noticed an ancient lich
 50415 | Depths:1 | Killed an ancient lich
 50415 | Depths:1 | Killed an ancient lich
 50727 | Depths:1 | Found a glowing silver altar of Zin.
 51056 | Depths:2 | Found an ancient bone altar of Kikubaaqudgha.
 51072 | Depths:2 | Reached skill level 21 in Dodging
 51624 | Depths:2 | Noticed a caustic shrike
 51629 | Depths:2 | Killed a caustic shrike
 51676 | Depths:2 | Identified the +0 pair of boots of Ittij {Harm rF+}
 52181 | Depths:2 | Reached XP level 23. HP: 186/192 MP: 33/33
 52477 | Depths:3 | Noticed Jory
 52491 | Depths:3 | Killed Jory
 52569 | Depths:3 | Noticed Vv
 52581 | Depths:3 | Killed Vv
 52782 | Depths:3 | Noticed Xtahua
 52786 | Depths:3 | Killed Xtahua
 53332 | Depths:3 | Noticed Norris
 53341 | Depths:3 | Killed Norris
 53501 | Depths:3 | Found a one-way gate to the infinite horrors of the Abyss.
 54026 | Depths:3 | Found a white marble altar of Elyvilon.
 54172 | Depths:4 | Entered Level 4 of the Depths
 54266 | Depths:4 | Noticed a golden dragon
 54279 | Depths:4 | Killed a golden dragon
 54442 | Depths:4 | Found a gate to the Realm of Zot.
 54573 | Depths:4 | Found a white marble altar of Elyvilon.
 54573 | Depths:4 | Found a glowing silver altar of Zin.
 54573 | Depths:4 | Found a glowing golden altar of the Shining One.
 54950 | Depths:4 | Identified the +0 chain mail of Hipp {Harm Fly rCorr Dex-3}
 55298 | Vaults:5 | Entered Level 5 of the Vaults
 55305 | Vaults:5 | Reached skill level 15 in Invocations
 55333 | Vaults:5 | Noticed a golden dragon
 55334 | Vaults:5 | Killed a golden dragon
 55381 | Vaults:5 | Noticed a golden dragon
 55387 | Vaults:5 | Killed a golden dragon
 55388 | Vaults:5 | Reached skill level 1 in Transmutations
 55391 | Vaults:5 | Reached XP level 24. HP: 150/201 MP: 34/34
 55393 | Vaults:5 | Identified the +10 halberd "Packuixu" {flame, rC- rN+++
                  | MP+9 SInv}
 55794 | Vaults:5 | Found the +9 scales of the Dragon King {rPois rF+ rC+
                  | Will+}
 55818 | Vaults:5 | Identified the +8 long sword "Ziab" {flame, Dex+3}
 55896 | Vaults:5 | Identified the +0 triple crossbow of Regicide {flame, rF+
                  | Int+5}
 55923 | Vaults:5 | Identified the +10 triple crossbow of the Tent {speed,
                  | +Blink rElec}
 55923 | Vaults:5 | Identified the amulet "Joelug" {Acrobat *Slow Str+3 Dex+2
                  | Slay+3}
 56322 | Vaults:5 | Identified the +0 mace of Gluttony {venom, rF+}
 56548 | Vaults:5 | Identified the amulet "Numeysij" {Faith +Blink rF+++ Dex-2}
 56589 | Vaults:5 | Reached skill level 5 in Transmutations
 56648 | Vaults:5 | Got a silver rune of Zot
 56775 | Vaults:5 | Identified the +5 spear "Domm" {freeze, Contam rF+ Int+4}
 56817 | Vaults:5 | Identified the +1 leather armour "Nauwuh" {Contam Drain
                  | Dex+7}
 56857 | Vaults:5 | Reached skill level 22 in Dodging
 57319 | Elf:3    | Entered Level 3 of the Elven Halls
 58461 | Abyss:3  | Cast into level 3 of the Abyss (a deep elf demonologist)
 58464 | Abyss:3  | Found a corrupted altar of Lugonu.
 58607 | Abyss:4  | Found a corrupted altar of Lugonu.
 58632 | Elf:3    | Escaped the Abyss
 58807 | Elf:3    | Identified the ring "Voeluk" {rC+ MP+9}
 58906 | Elf:3    | Identified the +1 spear "Norecar" {freeze, rF+ Stlth+}
 58910 | Elf:3    | Got the Incunable of Variable Fumes
 58930 | Elf:3    | Identified the +7 rapier of Propriety {protect, Dex+4
                  | Stlth+}
 58932 | Elf:3    | Got Ureitood's Spellbook of Unstable Alteration
 59368 | Vaults:3 | Bought a book of Changes for 270 gold pieces
 59371 | Vaults:3 | Learned a level 2 spell: Wereblood
 59376 | Vaults:3 | Learned a level 4 spell: Manifold Assault
 59583 | Vaults:3 | Bought 2 potions of berserk rage for 150 gold pieces
 59857 | Orc:2    | Bought a potion of resistance for 160 gold pieces
 59857 | Orc:2    | Bought a potion of resistance for 160 gold pieces
 59997 | Elf:2    | Killed WhatIsLove's ghost
 60080 | Elf:2    | Bought a scroll of fog for 120 gold pieces
 60118 | Elf:1    | Bought a scroll of summoning for 142 gold pieces
 60118 | Elf:1    | Bought a scroll of summoning for 142 gold pieces
 60315 | D:6      | Bought a scroll of fog for 56 gold pieces
 60315 | D:6      | Bought a scroll of teleportation for 42 gold pieces
 60315 | D:6      | Bought a scroll of fog for 56 gold pieces
 60603 | Zot:1    | Entered Level 1 of the Realm of Zot
 60603 | Zot:1    | Noticed an orb of fire
 60607 | Zot:1    | Killed an orb of fire
 60644 | Zot:1    | Reached XP level 25. HP: 201/214 MP: 35/35
 60748 | Zot:1    | Noticed an orb of fire
 60756 | Zot:1    | Killed an orb of fire
 61347 | Zot:1    | Reached skill level 23 in Dodging
 61679 | Zot:1    | Identified the +1 leather armour "Zyetwal" {Rampage Drain
                  | Str+6}
 63272 | Zot:3    | Noticed a shard shrike
 63282 | Zot:3    | Reached XP level 26. HP: 218/224 MP: 35/35
 63286 | Zot:3    | Killed a shard shrike
 63953 | Zot:4    | Reached skill level 24 in Dodging
 64659 | Zot:4    | Noticed an orb of fire
 64670 | Zot:4    | Killed an orb of fire
 64952 | Zot:5    | Entered Level 5 of the Realm of Zot
 65641 | Zot:5    | Noticed an ancient lich
 65649 | Zot:5    | Killed an ancient lich
 65679 | Zot:5    | Noticed an ancient lich
 65693 | Zot:5    | Killed an ancient lich
 65695 | Zot:5    | Noticed a Killer Klown
 65695 | Zot:5    | Noticed an orb of fire
 65695 | Zot:5    | Noticed an ancient lich
 65695 | Zot:5    | Noticed an orb of fire
 65695 | Zot:5    | Noticed a Killer Klown
 65710 | Zot:5    | Killed an orb of fire
 65711 | Zot:5    | Killed an orb of fire
 65715 | Zot:5    | Killed an ancient lich
 65716 | Zot:5    | Reached XP level 27. HP: 158/233 MP: 26/36
 66039 | Zot:5    | Reached skill level 25 in Dodging
 66199 | Zot:5    | Noticed an orb of fire
 66203 | Zot:5    | Noticed an orb of fire
 66209 | Zot:5    | Gained mutation: Your body sometimes deteriorates upon
                  | taking damage. [an orb of fire]
 66210 | Zot:5    | Lost mutation: Your body sometimes deteriorates upon taking
                  | damage. [an orb of fire]
 66210 | Zot:5    | Gained mutation: You have hidden genetic defects. [an orb
                  | of fire]
 66211 | Zot:5    | Killed an orb of fire
 66212 | Zot:5    | Killed an orb of fire
 66212 | Zot:5    | Noticed an ancient lich
 66223 | Zot:5    | Killed an ancient lich
 66241 | Zot:5    | Noticed a dread lich
 66470 | Zot:5    | Killed a dread lich
 66736 | Zot:5    | Got the Orb of Zot
 66811 | Zot:3    | Gained mutation: Potions are less effective at restoring
                  | your health. [hidden defects]
 66856 | Zot:1    | Noticed Jaucirch the pandemonium lord
 67153 | D:7      | Noticed Vuosuerri the pandemonium lord
 67333 | D:$      | Escaped with the Orb!

Illustrated notes

Levels and vault maps discovered:
D:1:      sevenhm_arrival_forest_fort_small_4, layout_basic, serial_shops,
          nicolae_shop_getting_attention, serial_forest,
          infiniplex_forest_clump_tiny, infiniplex_forest_lined_3,
          infiniplex_forest_lined_2, infiniplex_forest_lined_room_3,
          infiniplex_forest_lined_3, infiniplex_forest_end_3,
          infiniplex_forest_clump_small, infiniplex_forest_clump_C,
          minmay_statues_item, nicolae_nh_oracle_at_delphi
D:2:      layout_loops_corners, serial_shops, shop
D:3:      layout_basic, chequers_temple_overflow_statue_of_worship
D:4:      layout_rooms, grunt_temple_overflow_diamond, minmay_manual_mail
D:5:      layout_basic, gup_sewer_entry_spiral
D:6:      layout_basic, minmay_temple_entry_wispy, nicolae_stop_n_shop_2,
          hangedman_abyss_or_decor_slice, uniq_sigmund
D:7:      hellmonk_ruined_rings, layout_loops_ring, enter_bailey_3,
          minmay_misc_feat_tower
D:8:      nicolae_cairo_tiling_large_dashed, layout_cave_pools, serial_shops,
          shop, biasface_ghost_orc_armoury, serial_column_ruins,
          column_ruins_hut, column_ruins_columns_T, column_ruins_grid_3,
          column_ruins_grid_3, column_ruins_open_small, worms_lemuel,
          uniq_maggie
D:9:      layout_irregular_city
D:10:     layout_roguey, uniq_maurice, uniq_joseph, uniq_josephine
D:11:     layout_rooms, erik_lair_dragon, david_orc_3, serial_undead,
          serial_undead_c, serial_undead_f, serial_undead_d, serial_undead_b,
          uniq_gastronok
D:12:     layout_irregular_city
D:13:     layout_long_grid, hellmonk_vaults_attempted_burglary,
          hangedman_abyss_or_decor_clamps, minmay_shattered_shrine
D:14:     layout_cross, roderic_lattice_octagonal_star
D:15:     gammafunk_enter_depths_forms, layout_rooms, hex_intersection,
          skrybe_limestone_x, nicolae_diode_basic, uniq_jorgrun
Lair:1:   layout_cave_pods, grunt_megastairs_3, uniq_jeremiah
Lair:2:   layout_small_grid, minmay_shoals_entry_beasts,
          nicolae_spider_entry_lesser_pyramids, minivault_26,
          chequers_serial_rivers_small_b, grunt_forest_small_clearings,
          grunt_forest_small_clearing_treed, uniq_sonja
Lair:3:   layout_chaotic_city, pdpol_lair_neglected_garden, grunt_megastairs_4,
          lemuel_fruit_tree, uniq_fannar, uniq_kirke
Lair:4:   dragon1_lemuel, layout_hall_layers, slime_entry_1,
          nicolae_volcano_entry_lava_flow
Lair:5:   gammafunk_lair_ancient_temple, layout_small_grid
Shoals:1: nicolae_shoals_island_circles, layout_shoals
Shoals:2: layout_shoals, nicolae_shoals_aquamancer_cove
Shoals:3: layout_shoals, uniq_aizul, uniq_polyphemus
Shoals:4: shoals_end_hangedman, layout_shoals
Spider:1: layout_chambers, hellmonk_motheaten_closet
Spider:2: layout_cave_pods, drop_trap
Spider:3: layout_cave_pods, gammafunk_ghost_mausoleum, guppyfry_spider_mini_2
Spider:4: guppyfry_spider_rune, nicolae_arachne_temple
Orc:1:    layout_caves, mines2_david
Orc:2:    st_orc_town, layout_caves, gammafunk_ghost_cemetery
Elf:1:    nicolae_elf_arrival_no_cutting_in_line, layout_loops_cross,
          serial_shops, nicolae_shop_just_a_little_nook,
          nicolae_shop_back_alley_shop, shop, nicolae_shop_tiny_real_fake_doors,
          hangedman_corner_corridor, solitary_fountain, minmay_shoptagon
Elf:2:    nicolae_elf_blades_crystal_corner, layout_onion_city,
          ebering_ghost_gozag
Elf:3:    elf_hall_gauntlet_wide, layout_onion_city
Vaults:1: nicolae_vaults_ninety_degrees, v_pattern_3,
          nicolae_vaults_know_your_exits, grunt_vaults_funnel,
          nicolae_vaults_weapon_check, nicolae_vaults_storage_closets_1,
          v_misc_16, nicolae_vaults_taking_the_gang_shopping,
          nicolae_vaults_little_squares_2, nicolae_vaults_trapezoid_lopsided_3,
          layout_vaults_omnibox
Vaults:2: st_cells, minmay_crypt_entry_simple_walls, hangedman_vaults_nodes,
          nicolae_vaults_oval_intersection, nicolae_vaults_wrenched,
          vaults_room_fours, v_misc_12, nicolae_vaults_apartment_1,
          nicolae_vaults_shelves_hall, nicolae_vaults_triangles,
          layout_vaults_maze
Vaults:3: nicolae_vaults_tetromino_Z_1, nicolae_vaults_alarming,
          nicolae_vaults_trapezoid_lopsided_2, v_rooms_5,
          nicolae_vaults_turnstiles, nicolae_vaults_windows_and_doors_thing,
          ontoclasm_vaults_echo, nicolae_vaults_double_plus_2,
          nicolae_vaults_tetromino_T_1, grunt_vaults_bifocal, v_misc_22,
          nicolae_vaults_heist, layout_vaults_ring, serial_shops, shop,
          nicolae_shop_competitors_out_of_business, shop,
          nicolae_shop_tiny_real_fake_doors
Vaults:4: ontoclasm_vaults_decontamination, vaults_standard_mumra_lines,
          grunt_vaults_trifunnel, vaults_dpeg_encased_lava,
          nicolae_vaults_little_ls, nicolae_vaults_apartment_2,
          layout_vaults_quadrants
Vaults:5
Depths:1: layout_twisted_cross, enter_ziggurat_c, grunt_pan_entry_spiral,
          hell_entry, roderic_filled_cross, serial_sigils_hangedman_clutch,
          zin_angel, uniq_sojobo
Depths:2: minmay_stepped, layout_gridlike, lightli_too_deep,
          kiku_gazebo_pond_becter, rand_demon_pan_entry_5, hangedman_glass_teeth
Depths:3: kennysheep_ambush_hall, layout_honeycomb, abyss_entry_crystal,
          grunt_hell_entry_dis_grunt, elyvilon_altar_4, rand_demon_pan_entry_4,
          fountainhead, uniq_xtahua, uniq_norris, uniq_vv, uniq_josephina,
          uniq_jory
Depths:4: evilmike_zot_entry_diamond, layout_long_grid, rand_demon_pan_entry_1,
          hell_entry, good_gods_mini_temple, abyss_entry_small_statue_room
Zot:1:    layout_gridlike
Zot:2:    layout_onion_interference
Zot:3:    layout_cathedral_of_symmetry, hangedman_zot_spectrum,
          grunt_megastairs_2
Zot:4:    layout_misc_corridors
Zot:5:    layout_onion

Skill      XL: |  1  2  3  4  5  6  7  8  9 10 11 12 13 14 15 16 17 18 19 20 21 22 23 24 25 26 27 |
---------------+----------------------------------------------------------------------------------+-----
Dodging        | 3 4 6 7 10 12 13 14 16 17 19 21 22 23 24 25 | 25.4
Fighting       | 2 3 4 5 6 8 9 10 11 13 14 15 16 17 18 20 21 22 23 | 23.3
Unarmed Combat | 4 12 15 16 18 19 20 22 23 | 23.6
Short Blades   | 1 2 3 5 6 8 10 12 14 | 14.0
Invocations    | 1 2 3 5 6 7 9 10 12 13 15 16 17 19 | 19.6
Shapeshifting  | 5 6 12 17 21 | 21.0
Stealth        | 2 4 6 7 9 11 13 14 | 14.0
Armour         | 1 3 5 |  5.0
Shields        | 3 9 10 | 10.0
Spellcasting   | 1 3 |  3.0
Evocations     | 2 4 |  4.0
Transmutations | 1 8 |  8.0

Action                     |  1- 3 |  4- 6 |  7- 9 | 10-12 | 13-15 | 16-18 | 19-21 | 22-24 | 25-27 || total
---------------------------+-------+-------+-------+-------+-------+-------+-------+-------+-------++-------
  Melee: Unarmed           |    87 |    18 |     3 |       |       |       |   611 |   840 |   679 ||  2238
         Tailslap          |     2 |       |    11 |    13 |    15 |       |       |       |       ||    41
         Dagger            |       |    90 |   287 |   693 |   653 |       |       |       |       ||  1723
         Punch             |       |       |    18 |     8 |       |       |    66 |   127 |   124 ||   343
         Short sword       |       |       |       |       |   805 |   867 |       |       |       ||  1672
         Rapier            |       |       |       |       |       |  1007 |   898 |       |       ||  1905
  Throw: Throwing net      |       |       |     1 |       |       |       |       |       |       ||     1
         Dart              |       |       |    12 |       |     9 |    23 |     6 |       |       ||    50
   Cast: Wereblood         |       |       |       |       |       |       |       |       |     5 ||     5
 Invoke: Line Pass         |       |       |     4 |     6 |    18 |     3 |     3 |       |       ||    34
         Grand Finale      |       |       |       |     1 |     2 |     2 |     3 |     4 |     7 ||    19
         Stomp             |       |       |       |       |       |       |       |       |     1 ||     1
Ability: Blinkbolt         |       |       |       |       |       |       |     9 |    66 |    46 ||   121
  Evoke: Wand              |       |       |    14 |    10 |    21 |    10 |    11 |     1 |       ||    67
         Phantom mirror    |       |       |       |       |       |     3 |       |       |       ||     3
         Tin of tremorston |       |       |       |       |       |     4 |     2 |       |       ||     6
    Use: Scroll            |       |     4 |     9 |     7 |    22 |     4 |       |     4 |    11 ||    61
         Potion            |       |       |       |     1 |     3 |     6 |     4 |     1 |     7 ||    22
   Stab: Sleeping          |     2 |     2 |     4 |     9 |    31 |    62 |    63 |    24 |     6 ||   203
         Paralysed         |       |     2 |    10 |    39 |    74 |    87 |   147 |   124 |    89 ||   572
         Confused          |       |       |     2 |     3 |    10 |     1 |     5 |       |       ||    21
         Invisible         |       |       |       |     3 |     9 |     1 |       |       |       ||    13
         Distracted        |       |       |       |       |     6 |     6 |     5 |     6 |     1 ||    24
         Fleeing           |       |       |       |       |     1 |       |       |       |       ||     1
         Petrifying        |       |       |       |       |       |     1 |       |       |       ||     1
         Petrified         |       |       |       |       |       |     1 |       |       |       ||     1
 Armour: Animal skin       |     1 |       |       |       |       |       |       |       |       ||     1
         Leather armour    |    12 |    43 |    72 |   118 |     1 |       |       |       |       ||   246
         Swamp dragon scal |       |       |       |    12 |   248 |   172 |    88 |       |       ||   520
         Skin              |       |       |       |       |       |       |    36 |    51 |    57 ||   144
  Dodge: Dodged            |    37 |    49 |   143 |   317 |   721 |   654 |   939 |   744 |   811 ||  4415
  Block: Buckler           |       |       |       |    78 |   203 |       |       |       |       ||   281
         Kite shield       |       |       |       |       |   211 |  1266 |   852 |       |       ||  2329
         Reflection        |       |       |       |       |       |    77 |    11 |     2 |       ||    90
         Other             |       |       |       |       |       |       |   110 |    93 |       ||   203
   Form: Beast             |       |       |     1 |     2 |     3 |       |       |       |       ||     6
         Flux              |       |       |     1 |       |     2 |       |       |       |       ||     3
                           |       |       |       |     2 |     5 |       |       |       |       ||     7
         Storm             |       |       |       |       |       |       |     1 |       |       ||     1

Table legend: (Time is in decaauts)
 A = Elapsed time spent in this place.
 B = Non-inter-level travel time spent in this place.
 C = Inter-level travel time spent in this place.
 D = Time resting spent in this place.
 E = Time spent auto-exploring this place.
 F = Levels seen in this place.
 G = Mean time per level.
                   A        B        C        D        E       F      G
               +--------+--------+--------+--------+--------+-----+--------+
         Total |  63533 |  56303 |   7230 |   6769 |  33482 |  52 | 1221.8 |
       Dungeon |  15452 |  12335 |   3117 |    666 |   7612 |  15 | 1030.1 |
          Lair |   6064 |   5656 |    408 |    294 |   3805 |   5 | 1212.8 |
        Shoals |   4960 |   4655 |    305 |    813 |   2382 |   4 | 1240.0 |
   Spider Nest |   7563 |   6898 |    665 |   1214 |   3292 |   4 | 1890.8 |
  Orcish Mines |   2640 |   2252 |    388 |    590 |    728 |   2 | 1320.0 |
   Elven Halls |   7076 |   6531 |    545 |   1791 |   3013 |   3 | 2358.7 |
        Vaults |   7172 |   6238 |    934 |    415 |   4399 |   5 | 1434.4 |
        Depths |   5314 |   4811 |    503 |     88 |   4005 |   4 | 1328.5 |
           Zot |   5985 |   5623 |    362 |    554 |   3948 |   5 | 1197.0 |
         Abyss |    163 |    163 |      0 |      0 |    117 |   2 |   81.5 |
         Sewer |     91 |     91 |      0 |      0 |     33 |   1 |   91.0 |
        Bailey |   1034 |   1034 |      0 |    342 |    145 |   1 | 1034.0 |
       Volcano |     15 |     15 |      0 |      0 |      0 |   1 |   15.0 |
               +--------+--------+--------+--------+--------+-----+--------+

Top non-repeatable levels by time:
   Elf:2: 3241 daAuts
Spider:3: 2846 daAuts
   Elf:1: 2335 daAuts
Spider:4: 1964 daAuts
   Orc:2: 1843 daAuts
  Lair:2: 1781 daAuts
Depths:3: 1780 daAuts
Vaults:3: 1695 daAuts
Shoals:4: 1645 daAuts
    D:11: 1641 daAuts
   Zot:5: 1546 daAuts
   Elf:3: 1499 daAuts
Spider:1: 1477 daAuts
    D:13: 1477 daAuts
   Zot:3: 1458 daAuts
